 Dungeon Crawl Stone Soup version 0.24.0-13-gcf9b3192b9 (webtiles) character file.

Game seed: 6171517319650699757, levelgen mode: deterministic

6486 Mrkan the Grappler (level 10, -1/105 HPs)
             Began as a Troll Monk on Nov 5, 2019.
             Was a High Priest of Makhleb.
             Killed from afar by a rime drake (18 damage)
             ... with a flash freeze
             ... on level 10 of the Dungeon.
             The game lasted 00:14:30 (6979 turns).

Mrkan the Grappler (Troll Monk)                     Turns: 6979, Time: 00:14:31

Health: -1/105     AC:  9    Str: 21    XL:     10   Next: 68%
Magic:  15/15      EV:  5    Int:  9    God:    Makhleb [*****.]
Gold:   235        SH: 17    Dex: 12    Spells: 9/9 levels left

rFire    + . .     SeeInvis .     - Unarmed
rCold    + . .     Gourm    +   h - +2 large shield {AC+3}
rNeg     . . .     Faith    .   a - +0 robe
rPois    .         Spirit   .   (helmet restricted)
rElec    .         Reflect  +   v - scarf {rC+ rF+}
rCorr    .         Harm     .   (gloves unavailable)
MR       .....                  (boots unavailable)
Stlth    ++........             C - +4 amulet of reflection
HPRegen  0.67/turn              (no ring)
MPRegen  0.14/turn              (no ring)

@: no status effects
A: large, unfitting armour, claws 3, fast metabolism 3, gourmand, regeneration
1, shaggy fur 1, tough skin 3
a: Minor Destruction, Lesser Servant of Makhleb, Major Destruction, Greater
Servant of Makhleb, Renounce Religion


You were on level 10 of the Dungeon.
You worshipped Makhleb.
Makhleb was extremely pleased with you.
You were completely stuffed.

You visited 1 branch of the dungeon, and saw 10 of its levels.

You collected 505 gold pieces.
You spent 270 gold pieces at shops.

Inventory:

Armour
 a - a +0 robe (worn)
 h - a +2 large shield of protection (worn)
 v - a scarf of resistance (worn)
Jewellery
 r - an uncursed ring of fire {unknown}
 y - an uncursed amulet of regeneration
 C - a +4 amulet of reflection (around neck)
Wands
 g - a wand of disintegration (8)
 m - a wand of random effects (39)
 p - a wand of iceblast (6)
 s - a wand of digging (2)
Scrolls
 c - 4 scrolls of enchant weapon
 j - a scroll of identify
 l - 3 scrolls of fog
 o - 2 scrolls of immolation
 t - 6 scrolls of remove curse
Potions
 d - 5 potions of curing
 e - a potion of berserk rage {unknown}
 f - a potion of mutation {unknown}
 i - 3 potions of brilliance
 k - 2 potions of flight
 n - 3 potions of degeneration
 q - 2 potions of haste {unknown}
 w - a potion of invisibility {unknown}
 z - a potion of agility {unknown}
 A - 2 potions of magic {unknown}
 B - 2 potions of lignification {unknown}
 D - a potion of heal wounds {unknown}
Comestibles
 b - 21 rations


   Skills:
 + Level 8.3 Fighting
 - Level 2.4 Dodging
 - Level 1.0 Stealth
 - Level 10.1 Unarmed Combat
 * Level 8.5 Invocations


You had 9 spell levels left.
You didn't know any spells.
Your spell library contained the following spells:

 Spells                   Type           Power        Failure   Level  Hunger
 Summon Small Mammal      Summ           #...         100%        1    ##.....
 Call Imp                 Summ           #.......     100%        2    ###....
 Call Canine Familiar     Summ           #.......     100%        3    ####...
 Summon Guardian Golem    Hex/Summ       #.......     100%        3    ####...
 Summon Ice Beast         Ice/Summ       #.......     100%        4    #####..
 Summon Lightning Spire   Summ/Air       #.......     100%        4    #####..


Dungeon Overview and Level Annotations

Branches:
Dungeon (10/15)            Temple (0/1) D:7
   Lair: D:8-11         Orc: D:9-12

Altars:
Ashenzari
Dithmenos
Gozag
Hepliaklqana
Makhleb
Nemelex Xobeh
Okawaru
Qazlal
Vehumet
Wu Jian
Zin

Shops:
D:4 (==([   D:5 (   D:6 *   D:7 [

Annotations:
D:2 2 transporters


Innate Abilities, Weirdness & Mutations

You are too large for most types of armour.
You have claws for hands.
Your metabolism is lightning-fast.
You like to eat raw meat.
Your natural rate of healing is unusually fast.
You are covered in fur. (AC +1)
You have extremely tough skin. (AC +3)


Message History

The ice dragon breathes frost at you. The blast of cold misses you.
Your cacodemon gestures next to you.
Some rock shatters into small pieces.
Things that are here:
a rime drake skeleton x2; a wyvern skeleton You swap places.
The ice encasing you melts away.
Your cacodemon hits the rime drake but does no damage.
Your cacodemon closely misses the rime drake.
Things that are here:
a +0 flail; a +0 robe Your cacodemon gestures at the ice dragon.
The ice dragon seems to slow down.
You feel better.
Your cacodemon gestures at the ice dragon.
The ice dragon twists and deforms.
The rime drake breathes ice at you. The flash freeze hits you!!
You partially resist.
You die...

..# #.# #.# #.# #.#
#.# #.# #.#
###.#####.#
..........#######
###.###.......2.##
..............Dk.##
.##.#..###...###@.#
..#...###...?.###..#
###..###.......#
#..#
....###..##.##..#
#... #.#.##..#
....#..# .###
#.#.#... .8:8.#...#
# #.#.... )#/......
..#.#.. .8 8.#...#
..#.## ..#..


You could see an ice dragon, a rime drake and a friendly cacodemon.

Vanquished Creatures
  A centaur warrior (D:9)
  Pikel (D:6)
  Psyche (D:9)
  2 rime drakes (D:10)
  Prince Ribbit (D:6)
  Grinder (D:4)
  A wyvern (D:10)
  A hungry ghost (D:9)
  Menkaure (D:4)
  A water moccasin (D:4)
  2 ice beasts (D:10)
  A sky beast (D:8)
  A black bear (D:6)
  A hornet zombie (D:7)
  2 phantoms
  A slave (D:6)
  An ogre (D:10)
  2 centaurs (D:7)
  7 bullfrogs
  Blork the orc (D:5)
  A wyvern skeleton (D:8)
  3 scorpions
  11 killer bees (D:7)
  A wight (D:10)
  An electric eel (D:10)
  3 howler monkeys (D:6)
  2 bullfrog zombies
  2 crimson imps
  2 quasits
  A centaur zombie (D:5)
  4 jellies
  3 orc wizards
  5 hounds
  2 orc priests
  Terence (D:3)
  2 gnoll shamans
  8 worker ants
  2 hound skeletons
  Robin (D:4)
  12 gnolls
  11 adders
  2 howler monkey skeletons
  6 oozes
  2 adder skeletons (D:6)
  3 worms
  12 leopard geckos
  26 orcs
  5 giant cockroaches
  19 goblins
  14 hobgoblins
  13 jackals
  8 kobolds
  2 quokkas
  5 ball pythons
  4 bats
  10 frilled lizards
  A leopard gecko skeleton (D:4)
  7 rats
247 creatures vanquished.

Vanquished Creatures (others)
  A slave (D:6)
1 creature vanquished.

Grand Total: 248 creatures vanquished

Notes
Turn   | Place    | Note
-------+----------+-------------------------------------------
     0 | D:1      | Mrkan the Troll Monk began the quest for the Orb.
     0 | D:1      | Reached XP level 1. HP: 22/22 MP: 0/0
   126 | D:1      | Reached XP level 2. HP: 29/29 MP: 1/1
   263 | D:1      | Reached XP level 3. HP: 29/36 MP: 2/2
   475 | D:2      | Reached skill level 4 in Unarmed Combat
   575 | D:2      | Found a radiant altar of Vehumet.
   575 | D:2      | Found a shattered altar of Ashenzari.
   667 | D:2      | Reached XP level 4. HP: 45/45 MP: 3/3
   686 | D:2      | Found a burning altar of Makhleb.
   696 | D:2      | Became a worshipper of Makhleb the Destroyer
   696 | D:2      | Reached * piety under Makhleb
   696 | D:2      | Reached ** piety under Makhleb
   830 | D:2      | Reached skill level 5 in Unarmed Combat
   830 | D:2      | Reached XP level 5. HP: 34/53 MP: 4/4
   926 | D:2      | Found a transporter.
   926 | D:2      | Found an iron altar of Okawaru.
   929 | D:2      | Noticed an ogre
   934 | D:2      | Found a transporter.
  1301 | D:3      | Found a glowing silver altar of Zin.
  1313 | D:3      | Noticed Terence
  1322 | D:3      | Killed Terence
  1753 | D:4      | Reached XP level 6. HP: 52/62 MP: 5/5
  1774 | D:4      | Reached *** piety under Makhleb
  1786 | D:4      | Reached skill level 6 in Unarmed Combat
  1814 | D:4      | Found Ettigui's Antique Weapon Boutique.
  1877 | D:4      | Found Zazitt's Armour Shoppe.
  1999 | D:4      | Noticed Grinder
  2014 | D:4      | Paralysed by Grinder for 2 turns
  2024 | D:4      | Killed Grinder
  2024 | D:4      | Reached XP level 7. HP: 18/70 MP: 6/6
  2240 | D:4      | Found an opulent altar of Gozag.
  2337 | D:4      | Noticed Robin
  2340 | D:4      | Found Dimesofu's Jewellery Emporium.
  2355 | D:4      | Killed Robin
  2388 | D:4      | Reached skill level 7 in Unarmed Combat
  2601 | D:4      | Found Usurch's Antique Weapon Shop.
  2644 | D:4      | Found Gyaxumag's Jewellery Shoppe.
  2729 | D:4      | Noticed Menkaure
  2759 | D:4      | Killed Menkaure
  2768 | D:4      | Reached **** piety under Makhleb
  2885 | D:4      | Reached skill level 8 in Unarmed Combat
  2890 | D:4      | Reached skill level 5 in Fighting
  2890 | D:4      | Reached XP level 8. HP: 74/80 MP: 7/7
  3108 | D:5      | Entered Level 5 of the Dungeon
  3108 | D:5      | Found Luiqaist's Weapon Shop.
  3247 | D:5      | Found a sparkling altar of Nemelex Xobeh.
  3313 | D:5      | Noticed Blork the orc
  3321 | D:5      | Killed Blork the orc
  3776 | D:6      | Noticed Pikel
  3796 | D:6      | Killed Pikel
  3796 | D:6      | Reached skill level 9 in Unarmed Combat
  3895 | D:6      | Reached skill level 10 in Unarmed Combat
  3917 | D:6      | Reached XP level 9. HP: 80/89 MP: 8/8
  3987 | D:6      | Found an ornate altar of the Wu Jian Council.
  4008 | D:6      | Reached skill level 1 in Invocations
  4008 | D:6      | Noticed Prince Ribbit
  4130 | D:6      | Found Dutuimam's General Store.
  4133 | D:6      | Bought a +4 amulet of reflection for 270 gold pieces
  4358 | D:6      | Killed Prince Ribbit
  4481 | D:7      | Found a shadowy altar of Dithmenos.
  4529 | D:7      | Reached ***** piety under Makhleb
  4770 | D:7      | Found Omileskoff's Armour Shop.
  4836 | D:7      | Reached skill level 5 in Invocations
  5175 | D:7      | Found a staircase to the Ecumenical Temple.
  5264 | D:8      | Found a hazy altar of Hepliaklqana.
  5432 | D:8      | Found a stormy altar of Qazlal.
  5453 | D:8      | Reached XP level 10. HP: 80/102 MP: 13/13
  6144 | D:9      | Identified a scroll of acquirement
  6254 | D:9      | Found a stormy altar of Qazlal.
  6305 | D:9      | Noticed Psyche
  6307 | D:9      | Paralysed by Psyche for 7 turns
  6321 | D:9      | Killed Psyche
  6494 | D:9      | Noticed a centaur warrior
  6498 | D:9      | Killed a centaur warrior
  6688 | D:10     | Entered Level 10 of the Dungeon
  6873 | D:10     | Noticed an ice dragon
  6979 | D:10     | Killed from afar by a rime drake

Levels and vault maps discovered:
D:1:      matt_arrival_refuge, layout_basic
D:2:      layout_rooms, gammafunk_temple_overflow_arena,
          nicolae_overflow_crystal_walls,
          chequers_temple_overflow_statue_of_worship, first_ration
D:3:      layout_loops_ring, zin_academy, solitary_fountain, minivault_14,
          uniq_terence
D:4:      minmay_bubble_buster, layout_basic, nicolae_gozag_seed_capital,
          serial_shops, shop, shop, nicolae_shop_stone, shop,
          nicolae_shop_crystal, uniq_robin, uniq_menkaure, uniq_grinder
D:5:      layout_rooms, overflow_temple_1_default, serial_corexii_hall,
          corexii_hall_statues_i, chequers_hall_statues_corner_a, serial_shops,
          shop_fountains, chequers_garden, uniq_blork_the_orc
D:6:      layout_loops_cross, old_standard_altar, serial_shops,
          nicolae_shop_behind_doors, chequers_serial_rivers_small_a,
          uniq_prince_ribbit1, uniq_pikel
D:7:      layout_rooms, nicolae_dithmenos_through_a_glass_darkly, temple_hall,
          serial_shops, nicolae_shop_waterfront
D:8:      layout_cave_pods, overflow_temple_1_default, lemuel_crystal_altar,
          hangedman_little_slice_of_home
D:9:      layout_roguey, nicolae_qazlal_general_emergency, uniq_psyche
D:10:     minmay_coctagon, layout_basic, lair_entry_dummy, serial_shops, shop,
          gammafunk_ghost_berserking_beasts

Skill      XL: |  1  2  3  4  5  6  7  8  9 10 |
---------------+-------------------------------+-----
Unarmed Combat | 4 5 6 8 10 | 10.1
Fighting       | 3 4 5 6 7 8 |  8.3
Invocations    | 6 8 |  8.5
Dodging        | |  2.4
Stealth        | |  1.0

Action                   |  1- 3 |  4- 6 |  7- 9 | 10-12 || total
-------------------------+-------+-------+-------+-------++-------
Melee: Unarmed           |   117 |   145 |   379 |   127 ||   768
       Punch             |     2 |     3 |    11 |     2 ||    18
Invok: Greater Servant o |       |       |       |     1 ||     1
  Use: Potion            |       |       |     1 |     1 ||     2
       Scroll            |       |       |       |    12 ||    12
 Stab: Sleeping          |     1 |     1 |     1 |       ||     3
  Eat: Chunk             |    12 |    12 |    31 |    15 ||    70
       Ration            |       |       |       |     1 ||     1
Armor: Robe              |    99 |    45 |   141 |    39 ||   324
Dodge: Dodged            |   111 |    61 |   251 |    34 ||   457
Block: Other             |       |       |    36 |    12 ||    48
       Reflection        |       |       |     1 |     3 ||     4
       Large shield      |       |       |       |    94 ||    94
